 Dungeon Crawl Stone Soup version 0.30-a0-600-gb7c8574cbb (webtiles) character file.

Game seed: 1076173615397020527

27186 M4edhros the Unseen (level 13, -7/81 HPs)
             Began as an Octopode Artificer on Jan 7, 2023.
             Was a High Priest of Cheibriados.
             Mangled by a boulder beetle (39 damage)
             ... on level 4 of the Lair of Beasts.
             The game lasted 00:55:03 (7731 turns).

M4edhros the Unseen (Octopode Artificer)            Turns: 7731, Time: 00:55:04

Health: -7/81      AC:  7    Str: 25    XL:     13   Next: 30%
Magic:  16/19      EV: 30    Int: 30    God:    Cheibriados [*****.]
Gold:   1114       SH: 24    Dex: 44    Spells: 3/20 levels left

rFire   . . .      SeeInvis .    b - +3 trident (protect)
rCold   + . .      Faith    .    k - +3 kite shield
rNeg    . . .      Spirit   .    (helmet restricted)
rPois   .          Reflect  +    G - amulet "Uptepripn" {Reflect Dex+9 SH+5}
rElec   .          Harm     .    m - +6 ring of dexterity
rCorr   +          Rampage  .    u - ring of resist corrosion
Will    .....                    d - ring of protection from cold
Stlth   ++++++++++               x - +4 ring of protection
HPRegen 0.33/turn                F - ring "Vocag" {EV+5 Int+3}
MPRegen 0.16/turn                (no ring)
                                 (no ring)
                                 (no ring)

@: very slow
A: almost no armour, amphibious, 8 rings, camouflage 1, gelatinous body 1,
(nimble swimmer 1), tentacles, iridescent scales 1
a: Renounce Religion, Bend Time, Temporal Distortion, Slouch, Step From Time


You were on level 4 of the Lair of Beasts.
You worshipped Cheibriados.
Cheibriados was extremely pleased with you.
You visited 4 branches of the dungeon, and saw 21 of its levels.
You also visited: Gauntlet and Ice Cave.

You collected 1510 gold pieces.
You spent 396 gold pieces at shops.

Inventory:

Hand Weapons
 b - a +3 trident of protection (weapon)
 p - a +3 dagger of electrocution
Missiles
 h - 3 curare-tipped darts
 l - 8 boomerangs
 z - 50 poisoned darts (quivered)
 I - 6 silver javelins
Armour
 k - a +3 kite shield (worn)
Magical Staves
 B - a staff of poison
Jewellery
 d - a ring of protection from cold (on tentacle)
 j - an amulet of guardian spirit
 m - a +6 ring of dexterity (left tentacle)
 u - a ring of resist corrosion (right tentacle)
 x - a +4 ring of protection (on tentacle)
 F - the ring "Vocag" (on tentacle) {EV+5 Int+3}
   (You found it in a Gauntlet)

   [ring of evasion]

   EV:        It affects your evasion (+5).
   Int:       It affects your intelligence (+3).
 G - the amulet "Uptepripn" (around mantle) {Reflect Dex+9 SH+5}
   (You found it in a Gauntlet)

   [amulet of reflection]

   It reflects blocked missile attacks.
   Dex:       It affects your dexterity (+9).
   SH:        It affects your SH (+5).
Wands
 s - a wand of flame (2)
 t - a wand of digging (3)
 v - a wand of polymorph (3)
 w - a wand of roots (1)
 y - a wand of quicksilver (4)
Scrolls
 c - 3 scrolls of identify
 f - 4 scrolls of silence
 n - 2 scrolls of vulnerability
 q - 2 scrolls of blinking
 E - a scroll of summoning
 H - a scroll of amnesia
 J - a scroll of torment {unknown}
Potions
 a - 2 potions of invisibility
 e - 5 potions of curing
 g - 3 potions of brilliance
 i - 2 potions of attraction
 o - a potion of ambrosia
 r - a potion of flight
 A - a potion of heal wounds
 C - 2 potions of resistance
 D - 2 potions of magic


   Skills:
 - Level 5.3 Fighting
 - Level 5.5 Short Blades
 + Level 3.1 Polearms
 + Level 8.4 Dodging
 * Level 20.4 Stealth
 * Level 6.3 Shields
 - Level 6.2 Unarmed Combat
 - Level 4.0 Spellcasting
 - Level 6.0 Hexes
 - Level 3.0 Translocations
 * Level 4.5 Transmutations
 * Level 4.5 Earth Magic
 - Level 4.0 Invocations
 - Level 7.1 Evocations


You had 3 spell levels left.
You knew the following spells:

 Your Spells              Type           Power      Damage    Failure   Level
a - Tukima's Dance        Hex            42%        N/A       4%          3
b - Passage of Golubria   Tloc           24%        N/A       45%         4
c - Cause Fear            Hex            21%        N/A       14%         4
d - Statue Form           Tmut/Erth      22%        N/A       99%         6

Your spell library contained the following spells:

 Spells                   Type           Power      Damage    Failure   Level
 Blink                    Tloc           48%        N/A       8%          2
 Shock                    Conj/Air       24%        1d4       17%         1
 Ignite Poison            Fire/Tmut/Pois 15%        N/A       28%         3
 Kindle Blastsparks       Fire/Tloc/Air  24%        2d12      34%         3
 Swiftness                Air            6%         N/A       45%         3
 Leda's Liquefaction      Hex/Erth       18%        N/A       21%         4
 Fulminant Prism          Conj/Hex       12%        3d9       45%         4
 Manifold Assault         Tloc           24%        N/A       45%         4
 Yara's Violent Unravell  Hex/Tmut       18%        3d9       50%         5
 Lee's Rapid Deconstruct  Erth           16%        3d10*     58%         5
 Iskenderun's Mystic Bla  Conj/Tloc      15%        2d5       67%         4
 Airstrike                Air            3%         2d(1-17)  86%         4
 Sticky Flame             Conj/Fire      6%         2d3       86%         4
 Dragon Form              Tmut           16%        N/A       100%        7
 Storm Form               Tmut/Air       9%         N/A       100%        7
 Ignition                 Fire           3%         3d4       100%        8
 Dragon's Call            Summ           3%         N/A       100%        9


Dungeon Overview and Level Annotations

Branches:
Dungeon (13/15)            Temple (1/1) D:5            Lair (5/5) D:10
  Snake (0/4) Lair:3          Orc (2/2) D:9           IceCv (visited)
Gauntlet (visited)
  Swamp: Lair:2-3    Shoals: Lair:2-3     Slime: Lair:4-5       Elf: Orc:2
 Vaults: D:13-14

Altars:
Ashenzari
Cheibriados
Dithmenos
Elyvilon
Fedhas
Hepliaklqana
Makhleb
Nemelex Xobeh
Okawaru
Qazlal
Ru
Sif Muna
Uskayaw
Vehumet
Wu Jian
Xom
Yredelemnul
Zin
The Shining One

Shops:
D:8 *:(((

Annotations:
D:5 Edmund
D:10 Erica


Innate Abilities, Weirdness & Mutations

You cannot wear most types of armour.
You are amphibious.
You can wear up to eight rings at the same time.
Your skin changes colour to match your surroundings (Stealth+).
Your rubbery body absorbs attacks. (AC +1, EV +1)
((You are camouflaged when in or above water. (Stealth+)))
You have tentacles for arms and can constrict up to eight enemies at once.
You are partially covered in iridescent scales. (AC +2)


Message History

Your weapon exudes an aura of protection.
Your grab misses the cane toad.
The cane toad is severely wounded.
You block the cane toad's attack. The boulder beetle misses you.
The cane toad completely misses you.
You hit the cane toad. You grab the cane toad.
The cane toad is almost dead.
You constrict the cane toad. You block the boulder beetle's attack.
You block the cane toad's attack. You block the boulder beetle's attack.
You puncture the cane toad!
You kill the cane toad!
Cheibriados thoroughly appreciates the change of pace.
You block the boulder beetle's attack.
You hit the boulder beetle but do no damage.
The boulder beetle is moderately wounded.
The boulder beetle leaps!
Throw: 53 darts (poison)
Press: ? - help, Q - select action, (/) - cycle Shift-Dir - straight line, f - boulder beetle
Aim: a boulder beetle (moderately wounded, 92% to hit)
You throw a poisoned dart.
The poisoned dart hits the boulder beetle.
The boulder beetle is poisoned.
The boulder beetle is moderately wounded.
The boulder beetle curls into a ball and begins rolling!
Throw: 52 darts (poison)
Press: ? - help, Q - select action, (/) - cycle Shift-Dir - straight line, f/p - boulder beetle
Aim: a boulder beetle (moderately wounded, rolling, poisoned, 92% to hit)
You throw a poisoned dart.
The poisoned dart hits the boulder beetle.
The boulder beetle looks even sicker.
The boulder beetle is moderately wounded.
Throw: 51 darts (poison)
Press: ? - help, Q - select action, (/) - cycle Shift-Dir - straight line, f/p - boulder beetle
Aim: a boulder beetle (moderately wounded, rolling, very poisoned, 92% to hit)
You throw a poisoned dart.
The poisoned dart hits the boulder beetle.
The boulder beetle looks even sicker.
The boulder beetle is moderately wounded.
The boulder beetle hits you!!!
You die...

..# ...... .#....####
#...... #.....P..#
#...♣...
#.###........##.......
......... ..#.......##
........##.#...♣.....#.
....#..♣.##...........
................○°....
#.♣.<..+.♣.@B♣.○♣..
##.....#........°..
##...♣..#...........
#...#..###..♣..#####
##......#.#......
#.....##..#......
#.....##.. #...♣.
#.....# ## #.....
......PP


You could see a boulder beetle (rolling, very poisoned).

Vanquished Creatures
  A minotaur (Gauntlet)
  A great orb of eyes (Gauntlet)
  A two-headed ogre (D:10)
  2 boulder beetles (D:11)
  Amaemon (Lair:1)
  Lodul (D:11)
  A necromancer (Gauntlet)
  Pikel (D:7)
  A cyclops (D:13)
  An ugly thing (Gauntlet)
  A manticore (D:13)
  6 elephants (Lair:3)
  A salamander (shapeshifter) (D:13)
  3 cane toads
  An orange demon (Lair:1)
  A kobold demonologist (D:12)
  2 komodo dragons (Lair:2)
  4 trolls
  2 polar bears
  3 hornets
  Grinder (D:5)
  Prince Ribbit (D:7)
  4 blink frogs (Lair:4)
  12 flying skulls (Gauntlet)
  6 yaks
  4 shadows (Gauntlet)
  3 wyverns
  4 vampire mosquitoes (D:9)
  3 death yak simulacra (Lair:1)
  3 swamp worms
  2 acid dragons
  3 nagas (Lair:3)
  3 water moccasins
  Duvessa (D:5)
  An ice beast (D:7)
  7 orc warriors
  3 black bears
  16 wolves
  10 ogres
  A phantom (D:5)
  4 centaurs
  2 lemures (D:7)
  5 kobold brigands
  Blork the orc (D:5)
  9 bullfrogs
  4 gnoll sergeants (D:9)
  2 scorpions
  A necrophage (D:4)
  5 wights
  Dowan (D:5)
  2 electric eels (D:12)
  A howler monkey (D:4)
  A crimson imp (D:9)
  2 hounds
  9 orc priests
  A jelly (D:8)
  2 gnoll boudas
  10 orc wizards
  An iguana (D:7)
  A polar bear simulacrum (Lair:1)
  15 gnolls
  5 adders
  A shadow imp (D:8)
  A dart slug (D:1)
  A worm (D:3)
  23 orcs
  3 ball pythons
  3 endoplasms (D:1)
  A giant cockroach (D:1)
  6 goblins
  6 hobgoblins
  26 kobolds
  5 quokkas
  3 bats (D:1)
  2 frilled lizards (D:1)
  A rat (D:1)
289 creatures vanquished.

Vanquished Creatures (collateral kills)
  A two-headed ogre (D:13)
  An orc warrior (Orc:1)
  3 ogres
  3 wights
  A hound (D:7)
  A jelly (D:5)
  A gnoll bouda (D:7)
  An orc wizard (D:7)
  5 gnolls
  5 orcs
  A goblin (D:1)
  A kobold (D:1)
24 creatures vanquished.

Vanquished Creatures (others)
  A human (D:13)
  3 dancing weapons
  A black bear (D:7)
  A centaur (D:8)
  An iguana (D:7)
  A demonic plant (Gauntlet)
  26 fungi
  24 plants
  A withered plant (Lair:3)
59 creatures vanquished.

Grand Total: 372 creatures vanquished

Notes
Turn   | Place    | Note
-------+----------+-------------------------------------------
     0 | D:1      | M4edhros the Octopode Artificer began the quest for the
                  | Orb.
     0 | D:1      | Reached XP level 1. HP: 13/13 MP: 1/1
    89 | D:1      | Reached XP level 2. HP: 16/18 MP: 2/2
   210 | D:1      | Reached skill level 1 in Unarmed Combat
   300 | D:2      | Reached skill level 2 in Stealth
   325 | D:2      | Found a glowing silver altar of Zin.
   422 | D:2      | Reached XP level 3. HP: 17/23 MP: 1/3
   552 | D:4      | Reached XP level 4. HP: 21/29 MP: 2/4
   614 | D:4      | Noticed a necrophage
   622 | D:4      | Killed a necrophage
   623 | D:4      | Reached skill level 3 in Stealth
   623 | D:4      | Reached XP level 5. HP: 29/34 MP: 5/5
   627 | D:4      | Found a white marble altar of Elyvilon.
   718 | D:5      | Entered Level 5 of the Dungeon
   723 | D:5      | Noticed a water moccasin
   730 | D:5      | Killed a water moccasin
   731 | D:5      | Reached XP level 6. HP: 28/41 MP: 4/6
   802 | D:4      | You fall into a shaft and drop 3 floors!
   838 | D:7      | Noticed a black bear
   867 | D:7      | Noticed a black bear
   876 | D:7      | Noticed an ice beast
   880 | D:7      | Reached skill level 4 in Stealth
   883 | D:7      | Killed an ice beast
   884 | D:7      | Reached XP level 7. HP: 38/45 MP: 7/7
   956 | D:6      | Reached skill level 5 in Stealth
   984 | D:6      | Found a blossoming altar of Fedhas.
   984 | D:6      | Found a hazy altar of Hepliaklqana.
   984 | D:6      | Found a sparkling altar of Nemelex Xobeh.
   985 | D:6      | Found a glowing golden altar of the Shining One.
   985 | D:6      | Found a shimmering altar of Xom.
   986 | D:6      | Found a broken altar of Ashenzari.
  1021 | D:5      | Noticed Dowan
  1021 | D:5      | Noticed Grinder
  1097 | D:6      | Found a shimmering blue altar of Sif Muna.
  1235 | D:5      | Noticed Blork the orc
  1241 | D:5      | Killed Blork the orc
  1242 | D:5      | Reached skill level 6 in Stealth
  1400 | D:5      | Found a staircase to the Ecumenical Temple.
  1401 | D:5      | Noticed Edmund
  1424 | D:5      | Reached XP level 8. HP: 45/52 MP: 8/8
  1433 | Temple   | Entered the Ecumenical Temple
  1442 | Temple   | Became a worshipper of Cheibriados the Contemplative
  1443 | Temple   | 1400 chei
  1471 | D:5      | Killed Grinder
  1472 | D:5      | Reached skill level 7 in Stealth
  1472 | D:5      | Reached skill level 5 in Unarmed Combat
  1472 | D:5      | Reached skill level 5 in Evocations
  1486 | D:5      | Noticed Duvessa
  1551 | D:5      | Killed Duvessa
  1552 | D:5      | Reached skill level 8 in Stealth
  1554 | D:5      | Killed Dowan
  1831 | D:1      | Learned a level 3 spell: Tukima's Dance
  2026 | D:1      | Reached * piety under Cheibriados
  2489 | D:7      | Noticed Pikel
  2507 | D:7      | Killed Pikel
  2508 | D:7      | Reached skill level 1 in Short Blades
  2508 | D:7      | Reached skill level 10 in Stealth
  2508 | D:7      | Reached XP level 9. HP: 29/59 MP: 5/9
  2576 | D:7      | Reached skill level 5 in Dodging
  2586 | D:7      | Reached ** piety under Cheibriados
  2635 | D:7      | Reached skill level 11 in Stealth
  2685 | D:8      | Noticed a hornet
  2762 | D:8      | Learned a level 4 spell: Passage of Golubria
  2777 | D:8      | Killed a hornet
  2850 | D:8      | Found Fehory's Assorted Antiques.
  2851 | D:8      | Found Ruarrox's Book Shop.
  2852 | D:8      | Found Deurunist's Antique Weapon Shoppe.
  2854 | D:8      | Found Neh Jit's Antique Weapon Shop.
  2854 | D:8      | Found Neronn's Antique Weapon Emporium.
  2858 | D:8      | statue form 3270
  2968 | D:7      | Reached skill level 1 in Translocations
  2976 | D:7      | Reached skill level 12 in Stealth
  2989 | D:7      | Reached skill level 5 in Fighting
  3029 | D:7      | HP: 1/61 [wyvern (12)]
  3047 | D:7      | Noticed Prince Ribbit
  3102 | D:8      | Gained mutation: You are partially covered in iridescent
                  | scales. (AC +2) [potion of mutation]
  3162 | D:7      | Killed Prince Ribbit
  3163 | D:7      | Reached XP level 10. HP: 55/66 MP: 10/10
  3437 | D:9      | Reached skill level 13 in Stealth
  3478 | D:10     | Entered Level 10 of the Dungeon
  3536 | D:10     | Noticed a deep elf pyromancer
  3588 | D:10     | Reached *** piety under Cheibriados
  3708 | D:9      | Reached skill level 5 in Hexes
  3879 | D:9      | Found a staircase to the Orcish Mines.
  3940 | D:9      | Reached skill level 14 in Stealth
  4052 | D:9      | Reached **** piety under Cheibriados
  4106 | D:10     | Noticed Erica
  4237 | D:11     | Noticed a boulder beetle
  4247 | D:11     | Killed a boulder beetle
  4248 | D:11     | Reached skill level 15 in Stealth
  4248 | D:11     | Reached skill level 1 in Spellcasting
  4329 | D:11     | Noticed Lodul
  4335 | D:11     | Reached XP level 11. HP: 72/72 MP: 9/13
  4347 | D:11     | Killed Lodul
  4351 | D:11     | Reached skill level 16 in Stealth
  4378 | D:11     | Learned a level 4 spell: Cause Fear
  4389 | D:12     | Noticed a cyclops
  4635 | D:13     | Noticed a two-headed ogre
  4644 | D:13     | Killed a two-headed ogre
  4645 | D:13     | Reached skill level 5 in Short Blades
  4700 | D:13     | Noticed a manticore
  4710 | D:13     | Killed a manticore
  4711 | D:13     | Reached skill level 17 in Stealth
  4818 | D:13     | Noticed a salamander
  4823 | D:13     | Killed a salamander
  4824 | D:13     | Reached skill level 1 in Shields
  4866 | D:13     | Noticed a cyclops
  4871 | D:13     | Killed a cyclops
  4928 | D:13     | Reached ***** piety under Cheibriados
  5064 | D:11     | Noticed a boulder beetle
  5083 | D:11     | Killed a boulder beetle
  5084 | D:11     | Reached skill level 18 in Stealth
  5290 | D:8      | Bought a book of the Earth for 396 gold pieces
  5501 | D:9      | Found a radiant altar of Vehumet.
  5501 | D:9      | Found a burning altar of Makhleb.
  5545 | Orc:1    | Entered Level 1 of the Orcish Mines
  5680 | Orc:1    | Found a shimmering altar of Xom.
  5710 | Orc:2    | Entered Level 2 of the Orcish Mines
  5710 | Orc:2    | Noticed an orc sorcerer
  5847 | D:10     | Found a staircase to the Lair.
  5854 | D:10     | Noticed a two-headed ogre
  5863 | D:10     | Killed a two-headed ogre
  5864 | D:10     | Reached skill level 1 in Invocations
  5924 | D:10     | Reached XP level 12. HP: 77/77 MP: 17/17
  5997 | Lair:1   | Entered Level 1 of the Lair of Beasts
  5997 | Lair:1   | Noticed Amaemon
  6005 | Lair:1   | Killed Amaemon
  6203 | Lair:1   | Learned a level 6 spell: Statue Form
  6250 | Lair:1   | Reached skill level 19 in Stealth
  6267 | Lair:1   | Found a frozen archway.
  6311 | Lair:1   | Reached ****** piety under Cheibriados
  6319 | IceCv    | Entered an ice cave
  6437 | Lair:1   | Reached skill level 1 in Transmutations
  6437 | Lair:1   | Reached skill level 1 in Earth Magic
  6728 | Lair:2   | Reached skill level 1 in Polearms
  6872 | Lair:3   | Found a staircase to the Snake Pit.
  6955 | Lair:3   | Reached skill level 5 in Shields
  7029 | Lair:3   | Found a gate leading to a gauntlet.
  7045 | Gauntlet | Entered a Gauntlet
  7045 | Gauntlet | Found a transporter.
  7052 | Gauntlet | Found a transporter.
  7055 | Gauntlet | Found a transporter.
  7056 | Gauntlet | Found a transporter.
  7067 | Gauntlet | Found a transporter.
  7067 | Gauntlet | Found a transporter.
  7068 | Gauntlet | Found a transporter.
  7077 | Gauntlet | Found a transporter.
  7079 | Gauntlet | Found a transporter.
  7080 | Gauntlet | Found a transporter.
  7082 | Gauntlet | Noticed a great orb of eyes
  7088 | Gauntlet | Found a transporter.
  7091 | Gauntlet | Found a transporter.
  7092 | Gauntlet | Found a transporter.
  7100 | Gauntlet | Found a transporter.
  7194 | Gauntlet | Reached skill level 20 in Stealth
  7268 | Gauntlet | Identified the ring "Vocag" {EV+5 Int+3}
  7312 | Gauntlet | Reached XP level 13. HP: 67/81 MP: 3/19
  7312 | Gauntlet | Killed a great orb of eyes
  7317 | Gauntlet | Identified the amulet "Uptepripn" {Reflect Dex+9 SH+5}
  7545 | Gauntlet | Noticed a minotaur
  7558 | Gauntlet | Killed a minotaur
  7710 | Lair:5   | Entered Level 5 of the Lair of Beasts
  7731 | Lair:4   | Mangled by a boulder beetle

Illustrated notes ..... ... #.# #<# ###.### ##_..._## ##.......## #.........# #_...⌠...@# #.........# ##.......## ##_..._## ####### Turn 1443 on Temple: 1400 chei

♣♣♣♣♣♣♣♣♣ ♣.......♣
########♣.∩.∩.∩.♣#
#.................
#.#≈≈≈≈≈≈≈≈≈≈≈≈≈≈≈
#######.#≈≈≈≈≈≈≈≈≈≈≈≈≈≈≈
..........#.............
....<.....#.##♣.@.8.∩.♣
.............#♣.......♣
..........####♣♣♣♣♣♣♣♣♣
..........# ..........##
...........#
#..........#
#..........#
#..........##


Turn 2858 on D:8: statue form 3270

Levels and vault maps discovered:
D:1:      eino_arrival_druids_welcome, layout_rooms,
          chequers_serial_rivers_small_b, nicolae_hexahallways,
          minmay_small_reverse_x
D:2:      layout_basic, basic_altar, kennysheep_generic_room_10
D:3:      layout_basic
D:4:      layout_basic, elyvilon_altar_5, nicolae_figureground_pulse
D:5:      layout_loops_ring, minmay_temple_entry_statues_pillars,
          portal_sewer_entry_e, kennysheep_nub, kennysheep_generic_room_12,
          uniq_edmund, uniq_duvessa, uniq_grinder, uniq_blork_the_orc
D:6:      layout_basic, grunt_temple_overflow_open, tgw_sif, serial_curves,
          eino_curves_03, eino_curves_02
D:7:      layout_basic, minmay_manual_mail, uniq_prince_ribbit1, uniq_pikel
D:8:      layout_rooms, nicolae_wooded_promenade
D:9:      layout_roguey, grunt_temple_overflow_lords_of_destruction,
          kennysheep_orc_monster_closet_entryway, chequers_serial_rivers_room_b,
          corexii_leaking_fountain
D:10:     layout_loops_ring, grunt_lair_entry_orc_guard_hut, minivault_11,
          kennysheep_decorative_pillar, grunt_decor_arrowhead, grunt_tough_drop,
          uniq_erica
D:11:     layout_gridville, uniq_lodul
D:12:     layout_loops_ring, minmay_misc_feat_nine_boxes,
          minmay_misc_feat_diagonals, water_boxes_lemuel
D:13:     layout_loops_corners, ximxim_vaults_locker_room,
          david_defended_altar_orc
Temple:   hellmonk_temple_two_chambers
Lair:1:   layout_cave_shapes, portal_ice_cave_entry_ice_simulacra, uniq_amaemon
Lair:2:   layout_cave_pods, nicolae_quartered_pool_medium
Lair:3:   layout_regular_city, palyth_hydra_swamp_entry,
          minmay_snake_entry_guardpost_small, gauntlet_entry_generic,
          cheibrodos_lair_caveside_slide, pdpol_lair_neglected_garden,
          wad_woods_road_06, lemuel_fruit_fields
Lair:4:   layout_regular_city, grunt_megastairs_3, infiniplex_staircase_pool
Lair:5:   minmay_lair_end_frog_pond, layout_concentric_octagons,
          nicolae_slime_entry_field_trip, lookout_lair_type
Orc:1:    layout_caves, basic_altar
Orc:2:    st_orc_mages, layout_caves, basic_altar, uniq_maurice

Skill      XL: |  1  2  3  4  5  6  7  8  9 10 11 12 13 |
---------------+----------------------------------------+-----
Unarmed Combat | 1 2 3 4 5 6 |  6.2
Stealth        | 2 3 4 6 10 12 15 18 20 | 20.4
Fighting       | 2 3 4 5 |  5.3
Dodging        | 3 4 5 6 7 8 |  8.4
Evocations     | 4 5 6 7 |  7.1
Short Blades   | 1 3 4 5 |  5.5
Hexes          | 2 4 6 |  6.0
Translocations | 1 3 |  3.0
Spellcasting   | 1 3 4 |  4.0
Shields        | 3 5 6 |  6.3
Invocations    | 1 4 |  4.0
Transmutations | 3 4 |  4.5
Earth Magic    | 3 4 |  4.5
Polearms       | 2 3 |  3.1

Action                   |  1- 3 |  4- 6 |  7- 9 | 10-12 | 13-15 || total
-------------------------+-------+-------+-------+-------+-------++-------
Melee: Unarmed           |    44 |    17 |    90 |       |       ||   151
       Constrict         |     8 |     4 |    47 |    72 |    21 ||   152
       Tentacles         |    10 |     5 |    53 |   147 |    28 ||   243
       Punch             |     1 |       |    11 |    36 |     8 ||    56
       Dagger            |       |       |   101 |   326 |    45 ||   472
       Trident           |       |       |       |   188 |    35 ||   223
Throw: Dart              |       |       |       |    19 |     3 ||    22
 Cast: Tukima's Dance    |       |       |       |    21 |     2 ||    23
       Cause Fear        |       |       |       |     1 |       ||     1
Invok: Slouch            |       |       |       |     5 |     1 ||     6
Evoke: Wand              |     2 |    17 |    15 |    33 |       ||    67
  Use: Potion            |       |       |     4 |     9 |     3 ||    16
       Scroll            |       |       |    12 |    14 |     2 ||    28
 Stab: Sleeping          |     3 |     1 |    17 |    30 |     2 ||    53
       Betrayed ally     |     1 |       |     2 |       |       ||     3
       Distracted        |       |       |       |     6 |       ||     6
       Invisible         |       |       |       |     1 |     4 ||     5
Armor: Skin              |     3 |     1 |     5 |    95 |     5 ||   109
Dodge: Dodged            |    26 |    11 |   127 |   406 |    92 ||   662
Block: Kite shield       |       |       |       |   398 |   164 ||   562

Table legend: (Time is in decaauts)
 A = Elapsed time spent in this place.
 B = Non-inter-level travel time spent in this place.
 C = Inter-level travel time spent in this place.
 D = Time resting spent in this place.
 E = Time spent auto-exploring this place.
 F = Levels seen in this place.
 G = Mean time per level.
                   A        B        C        D        E       F      G
               +--------+--------+--------+--------+--------+-----+--------+
         Total |  11119 |   9685 |   1434 |    128 |    567 |  23 |  483.4 |
       Dungeon |   7756 |   6571 |   1185 |    128 |    567 |  13 |  596.6 |
        Temple |     17 |     10 |      7 |      0 |      0 |   1 |   17.0 |
          Lair |   2145 |   1911 |    234 |      0 |      0 |   5 |  429.0 |
  Orcish Mines |    295 |    288 |      7 |      0 |      0 |   2 |  147.5 |
      Ice Cave |      5 |      5 |      0 |      0 |      0 |   1 |    5.0 |
      Gauntlet |    900 |    900 |      0 |      0 |      0 |   1 |  900.0 |
               +--------+--------+--------+--------+--------+-----+--------+

Top non-repeatable levels by time:
     D:9: 1200 daAuts
  Lair:1: 1039 daAuts
Gauntlet: 900 daAuts
     D:7: 801 daAuts
    D:10: 673 daAuts
     D:1: 666 daAuts
  Lair:3: 664 daAuts
    D:11: 627 daAuts
     D:8: 583 daAuts
    D:12: 580 daAuts
     D:5: 533 daAuts
     D:6: 511 daAuts
    D:13: 505 daAuts
     D:4: 454 daAuts
  Lair:2: 368 daAuts
